Match 40263040
Unlisted

Match 40263040
End
Construct Section Command Post
Infantry Section
ML 3-inch Mortar Team
Infantry Section
Infantry Section
Construct Platoon Command Post
Vickers Machine Gun Team
Grenade Package
Royal Engineer Section
Seppun
NooJ
Flekz127
P3prime
0
0

Comments sign in to comment!

No comments posted yet!